 Dungeon Crawl Stone Soup version 0.17-a0-1910-g4c791fa (webtiles) character file.

43 Kusio the Cudgeler (level 3, 0/39 HPs)
             Began as an Ogre Abyssal Knight on Sept 26, 2015.
             Was a Believer of Lugonu.
             Succumbed to an adder's poison
             ... on level 1 of the Dungeon.
             The game lasted 00:05:20 (1021 turns).

Kusio the Cudgeler (Ogre Abyssal Knight)            Turns: 1021, Time: 00:05:20

Health: 0/39       AC:  3    Str: 18    XL:     3   Next: 58%
Magic:  3/4        EV: 10    Int: 11    God:    Lugonu [**....]
Gold:   36         SH:  0    Dex:  9    Spells: 0 memorised, 2 levels left

rFire  . . .     SeeInvis .     a - +1 mace
rCold  . . .     Clarity  .     b - +0 robe
rNeg   . . .     SustAt   .     (no shield)
rPois  .         Gourm    .     (helmet restricted)
rElec  .         Spirit   .     (no cloak)
rCorr  .         Warding  .     (gloves unavailable)
rMut   .         Stasis   .     (boots unavailable)
MR     .....                    (no amulet)
Stlth  +.........               (no ring)
                                (no ring)

@: lethally poisoned (0 -> -2), not resistant to hostile enchantments, very
unstealthy
A: unfitting armour, tough skin 1
a: Depart the Abyss, Bend Space, Renounce Religion


You were on level 1 of the Dungeon.
You worshipped Lugonu.
Lugonu was pleased with you.
You were not hungry.

You visited 1 branch of the dungeon, and saw 2 of its levels.
You visited the Abyss 1 time.

You collected 36 gold pieces.

Inventory:

Hand weapons
 a - a +1 mace (weapon)
Armour
 b - a +0 robe (worn)
Scrolls
 e - 3 scrolls of identify {unknown}
 f - a scroll of amnesia {unknown}
 g - a scroll of immolation {unknown}
 h - 4 scrolls of remove curse {unknown}
 i - a scroll of recharging {unknown}
Comestibles
 c - a bread ration
 j - a slice of pizza


   Skills:
 - Level 4.0 Fighting
 * Level 5.0 Maces & Flails
 - Level 2.1 Dodging
 - Level 0.1 Stealth
 + Level 2.0 Invocations


You had 2 spell levels left.
You didn't know any spells.

Dungeon Overview and Level Annotations

Branches:
Dungeon (2/15)

Altars:


Innate Abilities, Weirdness & Mutations

You are too large for most types of armour.
You have tough skin (AC +1).


Message History

You feel sick.
You feel sick.
Use which ability?
Space bends around you!
You blink.
* * * LOW HITPOINT WARNING * * *
You feel slightly more hungry.
You feel sick.
You are no longer poisoned.
You hit the adder.
The adder is severely wounded.
The adder bites you but does no damage.
You hit the adder but do no damage.
The adder is severely wounded.
The adder bites you.
* * * LOW HITPOINT WARNING * * *
You are lethally poisoned!
The adder poisons you! The adder barely misses you.
You closely miss the adder.
The adder is severely wounded.
You die...

#.# #.# ## ##'##
##.## .###...##
##...## .##.....##
#.....# .#.......##
#.....#
..........####.....#
..........+.......##
..........####..S##
.#..............@#
.##.....#.#####..#
.###...##.#####..#
#####+###.##.....#
..###.###.##.##.##
#.#....##.##.##.#
#.#.#..##.##.##.#
#.#....##.......#
#.#.....####.####


You could see an adder.

Vanquished Creatures
  An ooze (D:1)
  2 giant geckos
  7 bats
  2 giant cockroaches (D:1)
  6 goblins
  A hobgoblin (D:1)
  2 giant newts (D:1)
  6 jackals (D:1)
  3 kobolds
  5 rats
35 creatures vanquished.

Notes
Turn   | Place    | Note
--------------------------------------------------------------
     0 | Abyss:1  | Kusio the Ogre Abyssal Knight began the quest for the Orb.
     0 | Abyss:1  | Reached XP level 1. HP: 24/24 MP: 2/2
    33 | Abyss:1  | Found a corrupted altar of Lugonu.
    66 | Abyss:2  | Noticed an orb spider
    74 | Abyss:3  | Noticed a smoke demon
    74 | D:1      | Escaped the Abyss
   136 | D:1      | Acquired Lugonu's first power
   169 | D:1      | Reached XP level 2. HP: 29/32 MP: 3/3
   523 | D:1      | Reached XP level 3. HP: 35/39 MP: 4/4
   599 | D:1      | Acquired Lugonu's second power
   826 | D:2      | Found a faded altar to an unknown god.
   913 | D:2      | Reached skill level 5 in Maces & Flails
  1020 | D:1      | HP: 1/39 [adder (1)]
  1021 | D:1      | Succumbed to an adder's poison

Vault maps used:
D:1:      saegor_arrival_simple_f
D:2:      ecumenical_altar_2
Abyss:2:  onia_ninara_dug_in_and_dangerous
Abyss:3:  minivault_25, hangedman_classic_abyss_death, evilmike_abyss_rune_siren

Action                   || total
-------------------------++-------
Melee: Mace              ||   103
Invok: Depart the Abyss  ||     1
       Bend Space        ||     2
  Use: Potion            ||     2
  Eat: Chunk             ||     1
